 Dungeon Crawl Stone Soup version 0.27.1-33-g824d729ab1 (webtiles) character file.

Game seed: 7027595622189442840

23 potato4science the Sneak (level 2, -2/18 HPs)
             Began as an Octopode Hedge Wizard on Dec 16, 2021.
             Slain by a worm (9 damage)
             ... on level 2 of the Dungeon.
             The game lasted 00:10:12 (1484 turns).

potato4science the Sneak (Octopode Hedge Wizard)    Turns: 1484, Time: 00:10:13

Health: -2/18      AC:  1    Str:  9    XL:     2   Next: 95%
Magic:  6/6        EV: 13    Int: 16    God:
Gold:   85         SH:  0    Dex: 11    Spells: 4/7 levels left

rFire    . . .     SeeInvis .   a - +0 dagger
rCold    . . .     Faith    .   (no shield)
rNeg     . . .     Spirit   .   b - +0 hat
rPois    .         Reflect  .   (no amulet)
rElec    .         Harm     .   (no ring)
rCorr    .         Rampage  .   (no ring)
Will     .....                  (no ring)
Stlth    +++.......             (no ring)
HPRegen  0.06/turn              (no ring)
MPRegen  0.10/turn              (no ring)
                                (no ring)
                                (no ring)

@: no status effects
A: almost no armour, amphibious, 8 rings, camouflage 1, gelatinous body 1,
(nimble swimmer 1), tentacles
a: no special abilities


You were on level 2 of the Dungeon.
You visited 1 branch of the dungeon, and saw 2 of its levels.

You collected 85 gold pieces.

Inventory:

Hand Weapons
 a - a +0 dagger (weapon)
Armour
 b - a +0 hat (worn)
Scrolls
 g - a scroll of magic mapping {unknown}
Potions
 c - a potion of curing {unknown}
 d - a potion of cancellation {unknown}
 e - a potion of invisibility {unknown}
 f - a potion of resistance {unknown}


   Skills:
 * Level 0.8 Fighting
 - Level 1.0 Short Blades
 - Level 2.0 Dodging
 + Level 4.0 Stealth
 - Level 3.0 Spellcasting
 - Level 1.0 Conjurations
 - Level 1.0 Summonings
 * Level 1.0 Translocations


You had 4 spell levels left.
You knew the following spells:

 Your Spells              Type           Power      Damage    Failure   Level
a - Magic Dart            Conj           20%        1d4       12%         1
b - Blink                 Tloc           N/A        N/A       19%         2

Your spell library contained the following spells:

 Spells                   Type           Power      Damage    Failure   Level
 Call Imp                 Summ           5%         N/A       19%         2
 Slow                     Hex            2%         N/A       28%         2
 Conjure Flame            Conj/Fire      4%         6-21      41%         3
 Mephitic Cloud           Conj/Pois/Air  3%         N/A       43%         3


Dungeon Overview and Level Annotations

Branches:
Dungeon (2/15)

Altars:


Innate Abilities, Weirdness & Mutations

You cannot wear most types of armour.
You are amphibious.
You can wear up to eight rings at the same time.
Your skin changes colour to match your surroundings (Stealth+).
Your rubbery body absorbs attacks. (AC +1, EV +1)
((You are camouflaged near water. (Stealth+)))
You have tentacles for arms and can constrict up to eight enemies at once.


Message History

You climb downwards.
The ball python hisses angrily.
Found five items.
There is a stone staircase leading up here.
Press: ? - help, v - describe, . - travel, g - get item Item here: ice dragon scales.
The floor.
A kobold comes into view. It is wielding a +0 club.
A kobold comes into view. It is wielding a +0 dagger.
The ball python barely misses you. x2
You climb upwards.
There is a stone staircase leading down here.
You hit the ball python. You grab the ball python.
The ball python is heavily wounded.
You constrict the ball python. The ball python bites you.
The ball python barely misses you.
You hit the ball python.
You kill the ball python!
HP restored.
You see here a +0 club.
There is a stone staircase leading down, spattered with blood here.
You climb downwards.
Found a faded altar of an unknown god.
There is a stone staircase leading up here.
The helpless worm fails to defend itself.
You puncture the worm! You grab the worm.
The worm is heavily wounded.
You constrict the worm. The worm barely misses you.
You hit the worm but do no damage.
The worm is heavily wounded.
You constrict the worm. You hit the worm but do no damage.
The worm is heavily wounded.
You constrict the worm. The worm bites you!
Ouch! That really hurt!
You hit the worm but do no damage.
The worm is severely wounded.
You constrict the worm. The worm bites you!
Ouch! That really hurt!
You die...

.. #.###
.#......
#.
<.......
#_#
).......
..#
........
.8.
........
#.. .⌠
#......$
###.#...#
#.^.#.(
##....#
#### #
#w@# #.##
#. #. ##


You could see a worm.

Vanquished Creatures
  3 ball pythons (D:1)
  3 endoplasms (D:1)
  2 goblins (D:1)
  2 jackals (D:1)
  A kobold (D:1)
  5 bats (D:1)
  A frilled lizard (D:1)
  4 rats (D:1)
21 creatures vanquished.

Notes
Turn   | Place    | Note
-------+----------+-------------------------------------------
     0 | D:1      | potato4science the Octopode Hedge Wizard began the quest
                  | for the Orb.
     0 | D:1      | Reached XP level 1. HP: 11/11 MP: 4/4
   218 | D:1      | Reached skill level 3 in Stealth
   453 | D:1      | Reached XP level 2. HP: 17/17 MP: 6/6
   488 | D:1      | Reached skill level 1 in Short Blades
   985 | D:1      | Reached skill level 4 in Stealth
  1403 | D:1      | Learned a level 2 spell: Blink
  1480 | D:2      | Found a faded altar of an unknown god.
  1484 | D:2      | Slain by a worm

Illustrated notes

Levels and vault maps discovered:
D:1:      eino_arrival_cavern_a, layout_loops_ring, minmay_crystal_water
D:2:      layout_rooms, shapermc_ecumenical_altar_venn

Skill      XL: |  1  2 |
---------------+-------+-----
Stealth        | 3 4 |  4.0
Short Blades   | 1 |  1.0
Fighting       | |  0.8
Dodging        | |  2.0
Spellcasting   | |  3.0
Conjurations   | |  1.0
Summonings     | |  1.0
Translocations | |  1.0

Action                   || total
-------------------------++-------
Melee: Dagger            ||    55
       Constrict         ||    11
       Tentacles         ||     3
 Cast: Magic Dart        ||     1
 Stab: Sleeping          ||    10
Armor: Skin              ||     8
Dodge: Dodged            ||    33
